 Dungeon Crawl Stone Soup version 0.26.1-11-gd32895ea62 (webtiles) character file.

Game seed: 14234959983779621296

182 Towns the Chopper (level 5, -7/47 HPs)
             Began as a Hill Orc Monk on June 30, 2021.
             Was a Believer of Beogh.
             Killed from afar by Ijyb (21 damage)
             ... with a bolt of acid
             ... on level 3 of the Dungeon.
             The game lasted 00:20:35 (3939 turns).

Towns the Chopper (Hill Orc Monk)                   Turns: 3939, Time: 00:20:35

Health: -7/47      AC:  2    Str: 15    XL:     5   Next: 62%
Magic:  5/5        EV: 11    Int: 10    God:    Beogh [**....]
Gold:   152        SH:  0    Dex: 13    Spells: 4/4 levels left

rFire    . . .     SeeInvis .   q - +0 hand axe (venom)
rCold    . . .     Faith    .   (no shield)
rNeg     . . .     Spirit   .   g - +1 ring mail
rPois    .         Reflect  .   (no helmet)
rElec    .         Harm     .   (no cloak)
rCorr    .         Rampage  .   (no gloves)
Will     .....                  (no boots)
Stlth    +.........             (no amulet)
HPRegen  0.15/turn              (no ring)
MPRegen  0.09/turn              (no ring)

@: corroded
A: no striking features
a: Renounce Religion, Smiting


You were on level 3 of the Dungeon.
You worshipped Beogh.
Beogh was pleased with you.
You visited 1 branch of the dungeon, and saw 3 of its levels.

You collected 152 gold pieces.

Inventory:

Hand Weapons
 q - a +0 hand axe of venom (weapon)
Missiles
 d - 164 stones
 l - 6 boomerangs (quivered)
Armour
 g - a +1 ring mail (worn)
Jewellery
 e - an uncursed ring of protection from fire {unknown}
 j - a +4 ring of evasion {unknown}
 k - an uncursed ring of ice {unknown}
Scrolls
 c - a scroll of magic mapping {unknown}
 f - 2 scrolls of identify
 h - a scroll of immolation {unknown}
 i - a scroll of amnesia {unknown}
 m - a scroll of noise {unknown}
 n - a scroll of enchant armour
 o - a scroll of enchant weapon {unknown}
 p - a scroll of remove curse {unknown}
Potions
 b - a potion of mutation


   Skills:
 + Level 4.8 Fighting
 * Level 6.3 Axes
 + Level 2.5 Armour
 - Level 2.4 Dodging
 - Level 1.5 Stealth


You had 4 spell levels left.
You didn't know any spells.
Your spell library was empty.

Dungeon Overview and Level Annotations

Branches:
Dungeon (3/15)

Altars:
Cheibriados

Annotations:
D:3 Ijyb


Message History

You throw a boomerang.
The boomerang hits the goblin but does no damage.
You hit the goblin.
The goblin is poisoned.
The goblin is severely wounded.
The goblin closely misses you.
You closely miss the goblin.
The goblin is severely wounded.
The goblin barely misses you. The goblin barely misses you.
Ijyb zaps a wand.
The bolt of acid hits the goblin!
The goblin is splashed with acid!
The acid corrodes the goblin!
The goblin dies!
The bolt of acid hits you!! The acid corrodes you!
You are splashed with acid!
Okay, then.
Okay, then.
You are too injured to fight recklessly!
Ijyb hits you.
* * * LOW HITPOINT WARNING * * *
You hit Ijyb but do no damage.
Ijyb zaps a wand.
The bolt of acid hits you!!
You die...

#################
##≈≈..#...#......#
#≈≈≈.)'...'......#
##≈≈≈..#...#...)@.#
#≈≈#########).##g'#
#≈≈#..........#...#
...'..........#...#
...'.....))...#...#
...'..........#...#
(≈≈#..........#.).#
.≈≈#########).#...#
.#≈≈≈..#...#..#


You could see Ijyb.

Vanquished Creatures
  6 gnolls
  3 adders (D:3)
  2 worms (D:2)
  2 dart slugs
  2 leopard geckos (D:2)
  An orc (D:3)
  3 bats
  3 giant cockroaches
  11 goblins
  5 hobgoblins
  16 jackals
  8 kobolds
  A quokka (D:3)
  2 ball pythons
  4 frilled lizards
  8 rats
77 creatures vanquished.

Vanquished Creatures (others)
  A gnoll (D:3)
  An orc (D:3)
  A goblin (D:3)
3 creatures vanquished.

Grand Total: 80 creatures vanquished

Notes
Turn   | Place    | Note
-------+----------+-------------------------------------------
     0 | D:1      | Towns the Hill Orc Monk began the quest for the Orb.
     0 | D:1      | Reached XP level 1. HP: 19/19 MP: 1/1
   412 | D:1      | Reached XP level 2. HP: 25/27 MP: 2/2
   868 | D:1      | Reached skill level 1 in Armour
  1180 | D:2      | Reached XP level 3. HP: 26/33 MP: 3/3
  1610 | D:2      | Reached skill level 5 in Axes
  2260 | D:2      | Reached XP level 4. HP: 38/40 MP: 4/4
  3313 | D:3      | Found a snail-covered altar of Cheibriados.
  3392 | D:3      | Reached XP level 5. HP: 46/47 MP: 5/5
  3507 | D:3      | Became a worshipper of Beogh the Brigand
  3507 | D:3      | Reached * piety under Beogh
  3507 | D:3      | Reached ** piety under Beogh
  3568 | D:3      | Reached skill level 6 in Axes
  3929 | D:3      | Noticed Ijyb
  3939 | D:3      | Killed from afar by Ijyb

Illustrated notes

Levels and vault maps discovered:
D:1:      dpeg_arrival_tiny_d, layout_loops_ring, minmay_misc_feat_tower
D:2:      layout_basic, chequers_serial_rivers_marsh, kennysheep_generic_room_5
D:3:      kennysheep_goblin_castle, layout_basic, kennysheep_slug_shrine

Skill      XL: |  1  2  3  4  5 |
---------------+----------------+-----
Armour         | 1 2 |  2.5
Fighting       | 4 |  4.8
Axes           | 5 6 |  6.3
Dodging        | |  2.4
Stealth        | |  1.5

Action                   |  1- 3 |  4- 6 || total
-------------------------+-------+-------++-------
Melee: Hand axe          |   140 |   108 ||   248
Throw: Stone             |    73 |     8 ||    81
       Boomerang         |       |    25 ||    25
Invok: Convert to Beogh  |       |     1 ||     1
  Use: Scroll            |     1 |     2 ||     3
Armor: Robe              |     3 |       ||     3
       Ring mail         |    42 |    44 ||    86
Dodge: Dodged            |    69 |    60 ||   129
